 Dungeon Crawl Stone Soup version 0.31-a0-167-g1c394c0614 (webtiles) character file.

Game seed: 10975900808518916045

226 qw the Shooter (level 6, -4/56 HPs)
             Began as a Naga Hunter on June 14, 2023.
             Was an Initiate of Okawaru.
             Slain by a killer bee (8 damage)
             ... on level 4 of the Dungeon.
             The game lasted 00:00:41 (1583 turns).

qw the Shooter (Naga Hunter)                        Turns: 1583, Time: 00:00:41

Health: -4/56      AC:  3    Str: 13    XL:     6   Next: 1%
Magic:  6/6        EV:  9    Int: 10    God:    Okawaru [......]
Gold:   91         SH:  0    Dex: 16    Spells: 5/5 levels left

rFire   . . .        Y - +0 shortbow
rCold   . . .        (shield currently unavailable)
rNeg    . . .        c - +0 leather armour
rPois   +            (no helmet)
rElec   .            (no cloak)
rCorr   .            (no gloves)
SInv    +            (no barding)
Will    .....        d - amulet of regeneration
Stlth   ++           (no ring)
HPRegen 1.09/turn    (no ring)
MPRegen 0.10/turn

%: no passive effects
@: short of breath, very slow
A: AC +2, large, see invisible, deformed body, poison resistance, slowness 2,
spit poison 1, naga tail 1
a: Spit Poison, Renounce Religion


You were on level 4 of the Dungeon.
You worshipped Okawaru.
Okawaru was noncommittal.
You visited 2 branches of the dungeon, and saw 4 of its levels.

You collected 167 gold pieces.
You spent 76 gold pieces at shops.


Innate Abilities, Weirdness & Mutations

Your serpentine skin is tough. (AC +2)
You have supernaturally acute eyesight. (SInv)
Armour fits poorly on your strangely shaped body.
Your system is resistant to poisons. (rPois)
You cover ground very slowly.
You can spit poison.
You have a snake-like lower body.


   Skills:
 + Level 3.0 Fighting
 - Level 6.0 Ranged Weapons
 - Level 1.5 Dodging
 - Level 1.5 Stealth


You had 5 spell levels left.
You didn't know any spells.
Your spell library was empty.

Inventory:

Hand Weapons
 Y - a +0 shortbow (weapon)
Armour
 c - a +0 leather armour (worn)
Jewellery
 d - an amulet of regeneration (around neck)
Wands
 e - a wand of paralysis (4)
Scrolls
 a - 2 scrolls of identify
 f - a scroll of vulnerability {unknown}
Potions
 b - a potion of curing {unknown}
 k - a potion of might {unknown}

Dungeon Overview and Level Annotations

Branches:
Dungeon (4/15)             Temple (1/1) D:4

Altars:
Ashenzari
Dithmenos
Kikubaaqudgha
Nemelex Xobeh
Okawaru
Ru
Trog
Vehumet
Wu Jian
Yredelemnul
The Shining One

Shops:
D:1 [   D:2 ::   D:4 *


Message History

The arrow misses the killer bee.
You have got your breath back.
You feel sick. The killer bee barely misses you.
The killer bee closely misses you.
1578 ||| INVOKING Spit Poison.
Aiming: Spit Poison (1% risk of failure)
Press: ? - help, Shift-Dir - straight line, f/p - killer bee The splash of poison hits the killer bee but does no damage.
The killer bee is poisoned.
The killer bee is heavily wounded.
You feel sick.
The killer bee stings you but does no damage.
The killer bee barely misses you.
You shoot an arrow. The arrow misses the killer bee.
The arrow hits the killer bee.
The killer bee is almost dead.
You feel sick. The killer bee stings you! The killer bee barely misses you.
You shoot an arrow.
The arrow closely misses the killer bee.
The arrow misses the killer bee.
You feel sick.
You are no longer poisoned.
The killer bee stings you.
The killer bee stings you but does no damage.
You shoot an arrow. The arrow barely misses the killer bee.
The arrow misses the killer bee.
The killer bee stings you but does no damage.
The killer bee stings you. The killer bee barely misses you.
You shoot an arrow.
The arrow completely misses the killer bee. x2
You kill the killer bee!
Okawaru accepts your kill. The killer bee stings you.
Your Ranged Weapons skill increases to level 6!
You have reached level 6!
Your skin feels tougher.
You shoot an arrow.
The arrow closely misses the killer bee.
The arrow misses the killer bee.
The killer bee stings you. The killer bee stings you!
You die...

# #.# ##...##
# #.# #+## #
##.## #
#...### #
#.....# #
#.[[#.# .##
#####.# ...#
#.######...###
#.%...@yy.....
#########.####


You could see 2 killer bees.

Vanquished Creatures
  A scorpion (D:4)
  A killer bee (D:4)
  A jelly (D:4)
  Jessica (D:2)
  2 worms (D:2)
  2 dart slugs (D:1)
  4 ball pythons (D:1)
  3 bats (D:1)
  2 endoplasms (D:2)
  6 giant cockroaches
  13 goblins
  7 hobgoblins
  3 jackals (D:1)
  A frilled lizard (D:1)
  5 kobolds
  3 rats (D:1)
55 creatures vanquished.

Notes
Turn   | Place    | Note
-------+----------+-------------------------------------------
     0 | D:1      | qw the Naga Hunter began the quest for the Orb.
     0 | D:1      | Reached XP level 1. HP: 19/19 MP: 1/1
     0 | D:1      | 0 ||| qw: Version: 0.2-a-29-g1fa15c8
     0 | D:1      | 0 ||| qw: Game counter: 5051
     0 | D:1      | 0 ||| qw: Always use a shield: true
     0 | D:1      | 0 ||| qw: God list: Okawaru
     0 | D:1      | 0 ||| qw: Allow faded altars: false
     0 | D:1      | 0 ||| qw: Do Orc after D:15 true
     0 | D:1      | 0 ||| qw: Do second Lair branch before Depths: true
     0 | D:1      | 0 ||| qw: Lair rune preference: random
     0 | D:1      | 0 ||| qw: Plans: Normal
     0 | D:1      | 0 ||| PLANNING D:1-11
    14 | D:1      | 14 ||| INVOKING Spit Poison.
    58 | D:1      | 58 ||| INVOKING Spit Poison.
    94 | D:1      | 94 ||| INVOKING Spit Poison.
    98 | D:1      | 98 ||| INVOKING Spit Poison.
   104 | D:1      | 104 ||| INVOKING Spit Poison.
   105 | D:1      | Reached skill level 4 in Ranged Weapons
   105 | D:1      | Reached XP level 2. HP: 10/26 MP: 2/2
   120 | D:1      | 120 ||| INVOKING Spit Poison.
   125 | D:1      | 125 ||| INVOKING Spit Poison.
   139 | D:1      | 139 ||| INVOKING Spit Poison.
   197 | D:1      | 197 ||| INVOKING Spit Poison.
   288 | D:1      | 288 ||| INVOKING Spit Poison.
   294 | D:1      | 294 ||| INVOKING Spit Poison.
   295 | D:1      | Reached XP level 3. HP: 32/32 MP: 3/3
   391 | D:1      | 391 ||| INVOKING Spit Poison.
   414 | D:1      | 414 ||| INVOKING Spit Poison.
   423 | D:1      | 423 ||| INVOKING Spit Poison.
   430 | D:1      | 430 ||| INVOKING Spit Poison.
   434 | D:1      | 434 ||| INVOKING Spit Poison.
   473 | D:1      | Found Foteinn's Armour Shoppe.
   475 | D:1      | 475 ||| INVOKING Spit Poison.
   485 | D:1      | 485 ||| SHOPLISTING +0 pair of gloves (45 gold, have 41).
   485 | D:1      | 485 ||| SHOPLISTING +1 helmet (115 gold, have 41).
   485 | D:1      | 485 ||| SHOPLISTING +3 ring mail of poison resistance (230
                  | gold, have 41).
   500 | D:1      | 500 ||| INVOKING Spit Poison.
   532 | D:1      | Found a faded altar of an unknown god.
   533 | D:1      | 533 ||| INVOKING Spit Poison.
   703 | D:1      | 703 ||| INVOKING Spit Poison.
   720 | D:1      | 720 ||| READING scroll labelled TEUCWI XE WIUQ.
   721 | D:1      | 721 ||| READING scroll labelled GIEFEO HENU.
   722 | D:1      | 722 ||| READING scroll labelled FEULEO OGUC.
   723 | D:1      | 723 ||| READING 2 scrolls labelled ZATIASMUNE.
   724 | D:1      | 724 ||| DRINKING 3 blue potions.
   725 | D:1      | 725 ||| DRINKING 2 bubbling amethyst potions.
   766 | D:1      | 766 ||| DROPPING scroll of butterflies.
   767 | D:1      | 767 ||| DROPPING 2 potions of brilliance.
   768 | D:1      | 768 ||| DROPPING potion of lignification.
   769 | D:1      | 769 ||| DROPPING scroll of immolation.
   779 | D:2      | 779 ||| INVOKING Spit Poison.
   782 | D:2      | Found Dijinafe's Book Boutique.
   806 | D:2      | 806 ||| INVOKING Spit Poison.
   809 | D:2      | 809 ||| INVOKING Spit Poison.
   841 | D:2      | Found Sunas's Book Boutique.
   850 | D:2      | 850 ||| INVOKING Spit Poison.
   854 | D:2      | 854 ||| INVOKING Spit Poison.
   911 | D:2      | 911 ||| INVOKING Spit Poison.
   993 | D:2      | 993 ||| INVOKING Spit Poison.
  1020 | D:2      | Identified the +0 plate armour "Itrietad" {Str+5}
  1041 | D:2      | Noticed Jessica
  1044 | D:2      | 1044 ||| INVOKING Spit Poison.
  1044 | D:2      | Killed Jessica
  1045 | D:2      | Reached skill level 5 in Ranged Weapons
  1045 | D:2      | Reached XP level 4. HP: 39/39 MP: 4/4
  1050 | D:2      | 1050 ||| INVOKING Spit Poison.
  1053 | D:2      | 1053 ||| INVOKING Spit Poison.
  1059 | D:2      | 1059 ||| INVOKING Spit Poison.
  1060 | D:2      | 1060 ||| FLEEEEING.
  1061 | D:2      | 1061 ||| STAIRDANCE
  1082 | D:1      | 1082 ||| UPGRADING to amulet of regeneration.
  1087 | D:1      | 1087 ||| READING scroll labelled UHEQEIRUTH.
  1088 | D:1      | 1088 ||| READING 2 scrolls of identify.
  1088 | D:1      | 1088 ||| IDENTIFYING bubbling brown potion
  1089 | D:1      | 1089 ||| DROPPING potion of attraction.
  1092 | D:2      | 1092 ||| INVOKING Spit Poison.
  1152 | D:2      | You fall into a shaft and drop 2 floors!
  1171 | D:4      | Reached XP level 5. HP: 48/48 MP: 5/5
  1205 | D:4      | 1205 ||| INVOKING Spit Poison.
  1235 | D:4      | Found a staircase to the Ecumenical Temple.
  1236 | D:4      | 1236 ||| PLANNING TEMPLE
  1244 | Temple   | Entered the Ecumenical Temple
  1264 | Temple   | 1264 ||| PLANNING OKAWARU WORSHIP
  1374 | Temple   | Became a worshipper of Warmaster Okawaru
  1375 | Temple   | 1375 ||| PLANNING D:1-11
  1396 | D:4      | 1396 ||| INVOKING Spit Poison.
  1397 | D:4      | Reached skill level 3 in Fighting
  1494 | D:4      | Found Igufad's Assorted Antiques.
  1501 | D:4      | 1501 ||| BUYING silver wand (76 gold).
  1501 | D:4      | Bought a silver wand for 76 gold pieces
  1501 | D:4      | 1501 ||| SHOPLISTING steaming robe (108 gold, have 91).
  1539 | D:4      | 1539 ||| INVOKING Spit Poison.
  1571 | D:4      | 1571 ||| INVOKING Spit Poison.
  1575 | D:4      | 1575 ||| INVOKING Spit Poison.
  1578 | D:4      | 1578 ||| INVOKING Spit Poison.
  1581 | D:4      | HP: 10/49 [killer bee (6)]
  1583 | D:4      | Reached skill level 6 in Ranged Weapons
  1583 | D:4      | Reached XP level 6. HP: 9/56 MP: 6/6
  1583 | D:4      | HP: 4/56 [killer bee (6)]
  1583 | D:4      | Slain by a killer bee

Levels and vault maps discovered:
D:1:      co_arrival_random_square_maze, layout_basic, serial_shops, shop,
          ebering_ecumenical_altar_webs, minmay_octomino_c4
D:2:      kennysheep_the_goblin_king, layout_loops_cross, serial_shops, shop,
          shop, dreamdust_mushroom_princess, nicolae_the_louvre, uniq_jessica
D:4:      layout_loops_corners, kennysheep_slug_shrine,
          minmay_temple_entry_statues_pillars, serial_shops,
          nicolae_shop_crystal, serial_park_tiny_2, item_on_display_a
Temple:   jpeg_temple_clearing

Skill      XL: |  1  2  3  4  5 |
---------------+----------------+-----
Ranged Weapons | 4 5 6 |  6.0
Fighting       | 3 |  3.0
Dodging        | |  1.5
Stealth        | |  1.5

Action                     |  1- 3 |  4- 6 || total
---------------------------+-------+-------++-------
   Fire: Shortbow          |    66 |    32 ||    98
Ability: Spit Poison       |    28 |    10 ||    38
    Use: Scroll            |     4 |     2 ||     6
         Potion            |     2 |       ||     2
 Armour: Leather armour    |     1 |     6 ||     7
  Dodge: Dodged            |    15 |    15 ||    30

Table legend:
 A = Non-vault XP
 B = Vault XP
 C = Vault XP percentage of total XP
 D = Non-vault monster count
 E = Vault monster count
 F = Vault count percentage of total count
                 A         B        C        D         E       F
            +---------+---------+-------+---------+---------+-------
      Total |     264 |      60 |  18.5 |      42 |      13 |  23.6
            +---------+---------+-------+---------+---------+-------
        D:1 |      48 |      10 |  17.2 |      27 |       5 |  15.6
        D:2 |      22 |      50 |  69.4 |       8 |       8 |  50.0
        D:4 |     194 |       0 |   0.0 |       7 |       0 |   0.0
            +---------+---------+-------+---------+---------+-------
